 Dungeon Crawl Stone Soup version 0.31.0 (webtiles) character file.

Game seed: 17057567271639263364

88 ces the Cudgeller (level 4, -1/28 HPs)
             Began as a Gargoyle Berserker on Jan 20, 2024.
             Was a Believer of Trog.
             Slain by an adder (3 damage)
             ... on level 3 of the Dungeon.
             The game lasted 00:02:54 (2023 turns).

ces the Cudgeller (Gargoyle Berserker)              Turns: 2023, Time: 00:02:54

Health: -1/28      AC:  5    Str: 22    XL:     4   Next: 54%
Magic:  4/4        EV: 11    Int:  8    God:    Trog [**....]
Gold:   110        SH:  0    Dex:  9    Spells: 3/3 levels left

rFire   . . .        a - +0 mace
rCold   . . .        (no shield)
rNeg    + . .        b - +0 animal skin
rPois   ∞            (no helmet)
rElec   +            (no cloak)
rCorr   .            (no gloves)
SInv    .            (no boots)
Will    .....        (no amulet)
Stlth   +            (no ring)
HPRegen 0.24/turn    (no ring)
MPRegen 0.09/turn

%: no passive effects
@: on berserk cooldown
A: sickness immunity, AC +3, negative energy resistance 1, electricity
resistance, torment resistance 1, petrification resistance
a: Renounce Religion, Berserk, Trog's Hand


You were on level 3 of the Dungeon.
You worshipped Trog.
Trog was pleased with you.
You visited 1 branch of the dungeon, and saw 3 of its levels.

You collected 110 gold pieces.

Inventory:

Hand Weapons
 a - a +0 mace (weapon)
Armour
 b - a +0 animal skin (worn)
Wands
 e - a wand of polymorph (8)
Scrolls
 c - a scroll of identify
 d - 2 scrolls of brand weapon {unknown}
 g - a scroll of revelation {unknown}
 h - a scroll of blinking {unknown}
 k - a scroll of enchant armour {unknown}
 m - a scroll of immolation {unknown}
Potions
 f - a potion of curing
 i - a potion of brilliance
 j - a potion of mutation {unknown}
 l - a potion of heal wounds {unknown}


   Skills:
 - Level 3.3 Fighting
 + Level 5.0 Maces & Flails
 - Level 2.2 Armour
 - Level 1.6 Dodging


You had 3 spell levels left.
You didn't know any spells.
Your spell library was empty.

Dungeon Overview and Level Annotations

Branches:
Dungeon (3/15)

Altars:

Shops:
D:1 (

Annotations:
D:3 Jessica


Innate Abilities, Weirdness & Mutations

You are immune to sickness and miasma.
Your stone body is resilient. (AC +3)
You are immune to poison.
You resist negative energy. (rN+)
You are resistant to electric shocks. (rElec)
You are resistant to unholy torment.
You are immune to petrification.


Message History

You kill the frilled lizard!
Trog accepts your kill.
A gnoll comes into view. It is wielding a +4 spear.
The gnoll shouts!
You hear a shout!
A gnoll comes into view. It is wielding a +0 flail.
The gnoll completely misses you.
The gnoll shouts!
You sock the gnoll!
The gnoll is severely wounded.
You feel yourself speed up. The gnoll hits you with a +0 club.
The gnoll barely misses you. The gnoll hits you but does no damage.
The gnoll hits you with a +0 club.
You hit the gnoll but do no damage.
The gnoll is severely wounded.
The gnoll hits you with a +0 spear.
You thump the gnoll!
You kill the gnoll!
Trog accepts your kill. The gnoll hits you but does no damage.
Your Maces & Flails skill increases to level 5!
You thump the gnoll!
The gnoll is severely wounded.
The gnoll hits you from afar with a +4 spear.
The gnoll hits you with a +0 spear.
An adder comes into view.
The gnoll barely misses you. The gnoll hits you but does no damage.
Jessica the Apprentice Sorceress comes into view.
She is wielding a +0 club.
The gnoll closely misses you.
The adder hisses angrily.
The gnoll attacks as it pursues you!
The gnoll hits you from afar with a +4 spear.
The gnoll attacks as it pursues you!
The gnoll hits you from afar with a +0 spear.
* * * LOW HITPOINT WARNING * * *
Okay, then.
The gnoll attacks as it pursues you!
The gnoll hits you from afar with a +4 spear.
* * * LOW HITPOINT WARNING * * *
The adder bites you.
You die...

....... .....#...
#.#...##........
#..#...#.#..#..
#....g#.......
##..)......#
#.....gg...#
#...###.....# # ###
##...## #. #####
#@S...##. #.##...#
#.#.......
#..#...###......###
###.................
#...................
.###...##.........#
#...........##..
#..)..........##
#...........#..


You could see a gnoll and an adder.

Vanquished Creatures
  A gnoll (D:3)
  An adder (D:3)
  A dart slug (D:1)
  A ribbon worm (D:2)
  5 orcs (D:2)
  7 endoplasms
  5 goblins
  9 hobgoblins
  4 kobolds
  2 quokkas (D:2)
  2 ball pythons (D:2)
  8 bats
  2 frilled lizards
  10 rats
58 creatures vanquished.

Notes
Turn   | Place    | Note
-------+----------+-------------------------------------------
     0 | D:1      | ces the Gargoyle Berserker began the quest for the Orb.
     0 | D:1      | Reached XP level 1. HP: 14/14 MP: 1/1
   159 | D:1      | Reached XP level 2. HP: 19/19 MP: 2/2
   184 | D:1      | Found Maovos's Antique Weapon Shop.
   631 | D:1      | Reached XP level 3. HP: 23/23 MP: 3/3
   659 | D:1      | Reached skill level 4 in Maces & Flails
  1466 | D:2      | Reached ** piety under Trog
  1556 | D:2      | Reached XP level 4. HP: 22/28 MP: 4/4
  2019 | D:3      | Reached skill level 5 in Maces & Flails
  2019 | D:3      | Noticed Jessica
  2023 | D:3      | Slain by an adder

Illustrated notes

Levels and vault maps discovered:
D:1:      dpeg_arrival_subterranean_lakeside_camping, layout_basic,
          serial_shops, nicolae_diamond_shop
D:2:      layout_loops_corners, minmay_misc_feat_room,
          hangedman_decor_clover_reticule
D:3:      layout_rooms, nicolae_dithmenos_the_darkroom, uniq_jessica

Skill      XL: |  1  2  3  4 |
---------------+-------------+-----
Maces & Flails | 4 5 |  5.0
Fighting       | |  3.3
Armour         | |  2.2
Dodging        | |  1.6

Action                     |  1- 3 |  4- 6 || total
---------------------------+-------+-------++-------
  Melee: Mace              |   146 |    41 ||   187
         Punch             |     1 |       ||     1
 Invoke: Berserk           |     1 |     1 ||     2
    Use: Scroll            |     2 |       ||     2
 Armour: Animal skin       |    79 |    34 ||   113
  Dodge: Dodged            |    96 |    25 ||   121
